 Dungeon Crawl Stone Soup version 0.28.0-47-ge53b351184 (webtiles) character file.

Game seed: 3806963633739816691

15 safid the Skirmisher (level 2, -3/27 HPs)
             Began as a Hill Orc Fighter on Apr 26, 2022.
             Slain by a gnoll
             ... wielding a +0 club
              (6 damage)
             ... on level 1 of the Dungeon.
             The game lasted 00:01:25 (611 turns).

safid the Skirmisher (Hill Orc Fighter)              Turns: 611, Time: 00:01:26

Health: -3/27      AC:  6    Str: 18    XL:     2   Next: 50%
Magic:  2/2        EV:  9    Int:  8    God:
Gold:   41         SH:  4    Dex: 10    Spells: 1/1 levels left

rFire   . . .      SeeInvis .   a - +0 war axe
rCold   . . .      Faith    .   c - +0 buckler
rNeg    . . .      Spirit   .   b - +0 scale mail
rPois   .          Reflect  .   (no helmet)
rElec   .          Harm     .   (no cloak)
rCorr   .          Rampage  .   (no gloves)
Will    +....                   (no boots)
Stlth   ..........              (no amulet)
HPRegen 0.09/turn               f - ring of willpower
MPRegen 0.08/turn               (no ring)

@: no status effects
A: no striking features
a: no special abilities


You were on level 1 of the Dungeon.
You visited 1 branch of the dungeon, and saw 2 of its levels.

You collected 41 gold pieces.

Inventory:

Hand Weapons
 a - a +0 war axe (weapon)
Armour
 b - a +0 scale mail (worn)
 c - a +0 buckler (worn)
Jewellery
 f - a ring of willpower (left hand)
Scrolls
 e - 3 scrolls of enchant weapon {unknown}
 h - a scroll of teleportation {unknown}
 i - a scroll of identify {unknown}
Potions
 d - a potion of might
 g - a potion of degeneration {unknown}


   Skills:
 + Level 3.8 Fighting
 + Level 3.1 Axes
 + Level 3.5 Armour
 + Level 3.5 Shields


You had one spell level left.
You didn't know any spells.
Your spell library was empty.

Dungeon Overview and Level Annotations

Branches:
Dungeon (2/15)

Altars:


Message History

You are too injured to fight recklessly!
You are too injured to fight recklessly!
You are too injured to fight recklessly!
You are too injured to fight recklessly!
You are too injured to fight recklessly!
You are too injured to fight recklessly!
You are too injured to fight recklessly!
You are too injured to fight recklessly!
You are too injured to fight recklessly!
You are too injured to fight recklessly!
You are too injured to fight recklessly!
You are too injured to fight recklessly!
You are too injured to fight recklessly!
You are too injured to fight recklessly!
You are too injured to fight recklessly!
A gnoll comes into view. It is wielding a +0 club.
The bat hits you but does no damage.
A gnoll comes into view. It is wielding a +0 spear.
The gnoll shouts!
The bat closely misses you.
A gnoll comes into view. It is wielding a +0 flail.
The gnoll hits you with a +0 club. The bat closely misses you.
The gnoll moves out of view.
The gnoll shouts!
There is a stone staircase leading up here.
The bat hits you but does no damage. The gnoll closely misses you.
The gnoll barely misses you.
You climb upwards.
There is a stone staircase leading down here.
You hit the gnoll.
The gnoll is heavily wounded.
You hit the bat. You block the bat's attack.
The bat hits you but does no damage. The gnoll hits you with a +0 club!
* * * LOW HITPOINT WARNING * * *
The bat hits you but does no damage.
You barely miss the gnoll.
The gnoll is heavily wounded.
You barely miss the bat. The bat hits you but does no damage.
The gnoll hits you with a +0 club.
You die...

.......................#..####..#
...)........#...............#...#
###....................#.....####
.....###.###................#####
...........#...........#.##.....#
##...........#........##.#####...
#........[............#..# #...
##..............g......##.# ###.
................@.........# #.
................b......##.#######
.#.....................##.....#
.............#........####.##.#
.#....)......##......###...##.#
.............#######.# #.####.#
.############# #.###.# #.# .#
#.##..# #.#
####################....#####.#


You could see a gnoll and a bat.

Vanquished Creatures
  An endoplasm (D:1)
  A giant cockroach (D:2)
  A goblin (D:1)
  A hobgoblin (D:1)
  4 ball pythons (D:1)
  A bat (D:1)
  2 frilled lizards
  2 kobolds (D:1)
  4 rats (D:1)
17 creatures vanquished.

Notes
Turn   | Place    | Note
-------+----------+-------------------------------------------
     0 | D:1      | safid the Hill Orc Fighter began the quest for the Orb.
     0 | D:1      | Reached XP level 1. HP: 19/19 MP: 1/1
    71 | D:1      | Found a faded altar of an unknown god.
   165 | D:1      | Reached XP level 2. HP: 27/27 MP: 2/2
   611 | D:1      | Slain by a gnoll

Illustrated notes

Levels and vault maps discovered:
D:1:      mrwooster_arrival_arrow, layout_rooms,
          nicolae_ecumenical_snake_handling, chequers_mini_garden,
          minmay_distorted
D:2:      layout_loops_cross, serial_shops, nicolae_square_shop, basic_altar

Skill      XL: |  1 |
---------------+----+-----
Axes           | 3 |  3.1
Fighting       | |  3.8
Armour         | |  3.5
Shields        | |  3.5

Action                   || total
-------------------------++-------
Melee: War axe           ||    50
Armor: Scale mail        ||    34
Dodge: Dodged            ||    33
Block: Buckler           ||    10
